[Event "Early-Titled-Tuesday-Blitz-November-28-2023"]
[Site "Chess.com"]
[Date "2023.11.28"]
[Round "4"]
[White "becemix"]
[Black "viktorskliarov"]
[Result "1-0"]
[WhiteElo "2370"]
[BlackElo "2626"]
[TimeControl "180+1"]
[EndTime "8:37:51 PST"]
[Termination "becemix won by resignation"]

1. e4 c5 2. d4 cxd4 3. c3 d3 4.
Bxd3 g6 5. Nf3 Bg7 6. O-O Nc6 7.
Bc4 d6 8. Qb3 e6 9. Rd1 Qc7 10.
Na3 a6 11. Bf4 e5 12. Be3 Nf6 13. Bb6 Qe7 14. Re1 O-O 15. Rad1 Bg4 16. Rd3 Bxf3 17. Rxf3 Nd7 18. Nc2 Nxb6 19. Qxb6 Rac8 20. Ne3 Qd8 21.
Qxb7 Na5 22. Qxa6 Ra8 23. Qb5 Rb8 24. Qd5 Rxb2 25. Bb3 Nxb3 26. axb3 Qb6 27. Nc4 Qxb3 28. Nxb2 Qxb2 29. Qxd6 h5 30. Qb4 Qc2 31. Qb1 Qa4 32. Qd3 Rc8 33. h4 Bh6 34. g3 Bf8 35. Rb1 Rc7 36.
Kg2 Kg7 37. Qd5 Qe8 38. Rb7 Rxb7 39. Qxb7 Kg8 40. c4 Qe6 41. Qd5 Qe7 42. c5 Qxc5 43.
Qxf7+ 1-0

[Event "Early-Titled-Tuesday-Blitz-November-28-2023"]
[Site "Chess.com"]
[Date "2023.11.28"]
[Round "4"]
[White "Sychev_on_YouTube"]
[Black "Alexchess1984"]
[Result "1-0"]
[WhiteElo "2921"]
[BlackElo "2705"]
[TimeControl "180+1"]
[EndTime "8:37:53 PST"]
[Termination "Sychev_on_YouTube won by resignation"]

1. e4 c5 2. Nf3 Nc6 3. d4 cxd4 4. Nxd4 g6 5. Nc3 Bg7 6. Be3 Nf6 7. Nxc6 bxc6 8. e5 Ng8 9. Bd4 Nh6 10. e6 O-O 11. Bxg7 Kxg7 12. Qd4+ Kg8 13. exd7 Qxd7 14. Qxd7 Bxd7 15.
O-O-O Be6 16. Be2 Rad8 17. Bf3 c5 18. Rhe1 Nf5 19. Bd5 Nd4 20. Bxe6 Nxe6 21. Nd5 Rfe8 22. Nxe7+ Kf8 23. Nc6 Rxd1+ 24. Rxd1 Rc8 25. Ne5 f6 26. Nc4 Ke7 27. c3 Rd8 28. Rxd8 Kxd8 29. Kd2 Kd7 30. g3 Kc6 31. Kd3 Kd5 32. Ne3+ Ke5 33. a4 g5 34. a5 f5 35. h3 h5 36. Ng2 Kd5 37.
h4 c4+ 38. Ke3 f4+ 39. gxf4 gxh4 40. Nxh4 Ng7 41. Kf3 a6 42. Ng2 Ke6 43. Ne3 Nf5 44. Nxc4 Kd5 45. Ne3+ 1-0

[Event "Early-Titled-Tuesday-Blitz-November-28-2023"]
[Site "Chess.com"]
[Date "2023.11.28"]
[Round "4"]
[White "emeli_chess"]
[Black "parintele_chess"]
[Result "1-0"]
[WhiteElo "2375"]
[BlackElo "2181"]
[TimeControl "180+1"]
[EndTime "8:37:56 PST"]
[Termination "emeli_chess won by resignation"]

1. d4 Nf6 2. c4 e6 3. Nc3 Bb4 4. Qc2 b6 5. e4 Bb7 6. e5 Ne4 7. Nf3 O-O 8. Bd3 f5 9. exf6 Nxf6 10. Bg5 h6 11. Bh4 c5 12. dxc5 bxc5 13. Bh7+ Kh8 14.
Bg6 Qa5 15. O-O Bxf3 16. gxf3 Bxc3 17. bxc3 Nc6 18. Bg3 d5 19. cxd5 Nxd5 20. c4 Nf4 21.
Qe4 Nd4 22. Bxf4 e5 23. Bxe5 Nxf3+ 24. Kh1 Nd2 25. Qe3 Nxc4 26. Qxh6+ 1-0

[Event "Early-Titled-Tuesday-Blitz-November-28-2023"]
[Site "Chess.com"]
[Date "2023.11.28"]
[Round "4"]
[White "Shield12"]
[Black "DawidCzerw"]
[Result "1-0"]
[WhiteElo "2937"]
[BlackElo "2530"]
[TimeControl "180+1"]
[EndTime "8:37:57 PST"]
[Termination "Shield12 won by checkmate"]

1. g3 c5 2. Nf3 Nc6 3. Bg2 g6 4. O-O Bg7 5. c3 Nf6 6. d4 cxd4 7. cxd4 d5 8. Nc3 O-O 9. Ne5 Ng4 10. Nxc6 bxc6 11.
h3 Nh6 12. Bf4 Nf5 13. e3 h5 14. Rc1 f6 15. h4 e5 16. dxe5 fxe5 17. Bg5 Qe8 18.
e4 dxe4 19. Nxe4 Nd4 20. Nd6 Qd7 21. Nxc8 Raxc8 22. Rc3 Qe6 23. Qd3 Rc7 24. Qc4 Qxc4 25. Rxc4 c5 26. Be4 Kh7 27. Kg2 Bf6 28. Be3 Rb8 29.
b3 a5 30. Rfc1 Be7 31. Bxd4 exd4 32. Rxd4 Kg7 33. Rd5 Rb4 34. f3 a4 35. Rc3 axb3 36.
axb3 Bf6 37. Rcd3 Bd4 38. Rd6 Bf6 39. Rd7+ Rxd7 40. Rxd7+ Kh6 41. Rd6 Kg7 42. Rd7+ Kh6 43. Rf7 Bd4 44. g4 hxg4 45. fxg4 g5 46. Rh7# 1-0

[Event "Early-Titled-Tuesday-Blitz-November-28-2023"]
[Site "Chess.com"]
[Date "2023.11.28"]
[Round "4"]
[White "kkpanu9"]
[Black "inagreV"]
[Result "1-0"]
[WhiteElo "2066"]
[BlackElo "2419"]
[TimeControl "180+1"]
[EndTime "8:37:58 PST"]
[Termination "kkpanu9 won by resignation"]

1. e4 c6 2. d4 d5 3. exd5 cxd5 4. Bd3 Nc6 5. c3 Qc7 6. Ne2 Bg4 7. O-O e6 8. Qe1 Bxe2 9. Qxe2 Bd6 10. g3 Nge7 11. Nd2 O-O-O 12. f4 h5 13. Nf3 h4 14. Nxh4 g5 15. Ng2 gxf4 16. Bxf4 Rdg8 17. Bxd6 Qxd6 18. Rxf7 Nd8 19. Rf3 Qd7 20. Re1 Qe8 21. Nf4 Rh6 22. Re3 Qf7 23. Nxe6 Nxe6 24. Rxe6 Nc6 25. Rxh6 1-0

[Event "Early-Titled-Tuesday-Blitz-November-28-2023"]
[Site "Chess.com"]
[Date "2023.11.28"]
[Round "4"]
[White "wadsy27"]
[Black "VladimirBugayev"]
[Result "1-0"]
[WhiteElo "2631"]
[BlackElo "2329"]
[TimeControl "180+1"]
[EndTime "8:38:01 PST"]
[Termination "wadsy27 won by resignation"]

1. e4 c6 2. d4 d5 3. exd5 cxd5 4.
Bd3 Nc6 5. c3 Nf6 6. Bf4 Bg4 7.
Qb3 Qd7 8. Nd2 e6 9. Ngf3 Bd6 10.
Bxd6 Qxd6 11. O-O O-O 12. Rfe1 Ne7 13. a4 Bf5 14. Bf1 Qc7 15. a5 Ne4 16. Nxe4 Bxe4 17.
Nd2 Bg6 18. Qa3 Nf5 19. Qc5 Rfc8 20. Qxc7 Rxc7 21. Nb3 Nd6 22. f3 Rac8 23. Nc5 h6 24. Kf2 Bf5 25. Ra3 b6 26. Na6 Rc6 27. Nb4 R6c7 28.
axb6 axb6 29. Rea1 Rb7 30. Ba6 Rcc7 31. Bxb7 Rxb7 32.
Ra8+ Kh7 33. R1a7 Rxa7 34. Rxa7 Kg6 35. Nc6 Nc4 36. Ne5+ Nxe5 37. dxe5 Bd3 38. Ke3 Bc4 39. Kd4 f6 40. f4 h5 41. g3 b5 42. Re7 Kf5 43.
Rxg7 h4 44. gxh4 1-0

[Event "Early-Titled-Tuesday-Blitz-November-28-2023"]
[Site "Chess.com"]
[Date "2023.11.28"]
[Round "4"]
[White "SimplyDevina"]
[Black "SharapovEvgeny"]
[Result "0-1"]
[WhiteElo "2397"]
[BlackElo "2606"]
[TimeControl "180+1"]
[EndTime "8:38:01 PST"]
[Termination "SharapovEvgeny won by resignation"]

1. d4 Nf6 2. c4 e6 3. Nc3 Bb4 4. Qc2 c5 5. e3 O-O 6. Nf3 d5 7. Be2 Nc6 8. a3 Bxc3+ 9. bxc3 dxc4 10. Bxc4 b6 11. O-O Bb7 12. Qe2 Qe7 13. a4 Rac8 14. Ba3 e5 15. dxc5 bxc5 16. Rab1 Na5 17. Ba6 e4 18.
Nd2 Rfd8 19. Rfd1 Nd5 20. Bb2 Rb8 21. Ba1 Nb6 22. Bxb7 Nxb7 23. Nc4 Nxa4 24. Rxd8+ Rxd8 25. Qa2 Nb6 26. Nxb6 axb6 27. c4 Na5 28. Qb2 f6 29. Qxb6 Nxc4 30. Qb3 Qf7 31. Bc3 h5 32. h3 Nd2 33.
Qxf7+ Kxf7 34. Rd1 Nf3+ 0-1

[Event "Early-Titled-Tuesday-Blitz-November-28-2023"]
[Site "Chess.com"]
[Date "2023.11.28"]
[Round "4"]
[White "Truequitos"]
[Black "talaicito"]
[Result "1-0"]
[WhiteElo "2491"]
[BlackElo "2214"]
[TimeControl "180+1"]
[EndTime "8:38:02 PST"]
[Termination "Truequitos won on time"]

1. d4 e6 2. Nf3 f5 3. g3 Nf6 4. Bg2 Be7 5. O-O O-O 6. c4 d6 7. Nc3 a5 8. Bg5 Nbd7 9. Qd3 e5 10. dxe5 Nxe5 11. Nxe5 dxe5 12. Nd5 Nxd5 13. Qxd5+ Kh8 14. Qxd8 Bxd8 15. Bxd8 Rxd8 16. Rfd1 Re8 17. Rd2 Kg8 18.
Rad1 Kf8 19. c5 c6 20. e4 g6 21. exf5 gxf5 22. Rd6 Be6 23. Bh3 Ke7 24. Re1 Rad8 25. Rxe5 Rxd6 26. cxd6+ Kxd6 27. Rxa5 Re7 28. f4 b6 29. Ra3 Bd5 30. Kf2 Be4 31. Re3 c5 32. Bxf5 Bxf5 33. Rb3 Kc6 34. Kf3 Be4+ 35. Kg4 Bd5 36.
Rc3 b5 37. a3 Re2 38. b3 Rxh2 39. Kg5 Rg2 40. f5 1-0

[Event "Early-Titled-Tuesday-Blitz-November-28-2023"]
[Site "Chess.com"]
[Date "2023.11.28"]
[Round "4"]
[White "rasmussvane"]
[Black "Flawless_Fighter"]
[Result "1-0"]
[WhiteElo "2996"]
[BlackElo "2811"]
[TimeControl "180+1"]
[EndTime "8:38:03 PST"]
[Termination "rasmussvane won by resignation"]

1. Nf3 d5 2. g3 g6 3. Bg2 Bg7 4. d4 Nf6 5. O-O O-O 6. c4 c6 7. Qb3 a5 8. Rd1 a4 9. Qb4 dxc4 10. Qxc4 Nbd7 11. Nc3 Nb6 12. Qd3 Nbd5 13. e4 Nxc3 14. bxc3 b5 15. Ne5 Bb7 16. Ba3 Rc8 17. c4 Nd7 18.
Nxd7 Qxd7 19. e5 Rfd8 20. Qe2 Ba6 21. cxb5 Bxb5 22. Qe1 e6 23. Rac1 Bf8 24. Bxf8 Kxf8 25. h4 h5 26. Qe3 Qe7 27. a3 Kg7 28. Rd2 Rd7 29. Bf3 Rcd8 30. Bxc6 Bxc6 31. Rxc6 Rd5 32.
Rc4 Qa7 33. Qf4 Kg8 34. Kh2 Ra8 35. Rdc2 Rad8 36. Rc7 1-0

[Event "Early-Titled-Tuesday-Blitz-November-28-2023"]
[Site "Chess.com"]
[Date "2023.11.28"]
[Round "4"]
[White "SnekkerAndersen"]
[Black "sergiochess83"]
[Result "0-1"]
[WhiteElo "2537"]
[BlackElo "2879"]
[TimeControl "180+1"]
[EndTime "8:38:03 PST"]
[Termination "sergiochess83 won by resignation"]

1. d4 Nf6 2. Bf4 c5 3. e3 Nd5 4. Nc3 Nxf4 5. exf4 cxd4 6. Qxd4 Nc6 7. Qe3 g6 8. O-O-O Bg7 9. h4 Qa5 10. Nge2 b5 11.
Kb1 b4 12. Nd5 e6 13. f5 gxf5 14. Qg5 Kf8 15. Nef4 exd5 16. Nxd5 d6 17. h5 h6 18. Qf4 Be5 19. Qe3 Be6 20. Bc4 Qc5 21. Qd3 Na5 22. b3 Nxc4 23. bxc4 Bxd5 24. cxd5 Qc3 25. Qxc3 Bxc3 0-1

[Event "Early-Titled-Tuesday-Blitz-November-28-2023"]
[Site "Chess.com"]
[Date "2023.11.28"]
[Round "4"]
[White "WPWPWP-2015"]
[Black "RamonManon0g"]
[Result "1-0"]
[WhiteElo "2529"]
[BlackElo "2336"]
[TimeControl "180+1"]
[EndTime "8:38:05 PST"]
[Termination "WPWPWP-2015 won by checkmate"]

1. e4 c5 2. Nf3 d6 3. d4 cxd4 4. Nxd4 Nf6 5. Nc3 a6 6. Bg5 e6 7. f4 Nbd7 8. Qf3 Qc7 9. O-O-O Be7 10. g4 b5 11. Bd3 O-O 12. Bxf6 Bxf6 13. e5 Bb7 14.
Qh3 g6 15. exf6 Bxh1 16. g5 Kh8 17. Rxh1 b4 18. Qh6 Rg8 19. Nce2 e5 20. Nf5 Nc5 21. Rd1 b3 22. Nc3 bxa2 23. Nxa2 Qa5 24. Nc3 e4 25.
Nxd6 Nxd3+ 26. Rxd3 Ra7 27. Qxh7+ Kxh7 28. Rh3# 1-0

[Event "Early-Titled-Tuesday-Blitz-November-28-2023"]
[Site "Chess.com"]
[Date "2023.11.28"]
[Round "4"]
[White "Goffredo_Fofi"]
[Black "Politov_Pavel"]
[Result "1-0"]
[WhiteElo "2457"]
[BlackElo "2127"]
[TimeControl "180+1"]
[EndTime "8:38:06 PST"]
[Termination "Goffredo_Fofi won on time"]

1. e4 c5 2. d3 d6 3. g3 Nc6 4.
Bg2 g6 5. f4 Bg7 6. Nf3 e6 7.
O-O h5 8. c3 e5 9. Na3 Bg4 10.
h3 Bxf3 11. Qxf3 Nge7 12. Nc4 O-O 13. f5 f6 14. fxg6 Nxg6 15. Qxh5 Kf7 16. Ne3 Rh8 17. Qg4 Nce7 18. h4 Qc8 19. Bh3 Qxg4 20. Bxg4 Rad8 21.
c4 Bh6 22. Rb1 Bg7 23. b4 b6 24. b5 Rdg8 25. Kg2 Bh6 26. Kf3 Bxe3 27. Bxe3 Rh7 28. Rh1 Rhg7 29. Bh5 Ke6 30. Rbg1 1-0

[Event "Early-Titled-Tuesday-Blitz-November-28-2023"]
[Site "Chess.com"]
[Date "2023.11.28"]
[Round "4"]
[White "grandemestregringo"]
[Black "AndresDelgado77"]
[Result "1-0"]
[WhiteElo "2623"]
[BlackElo "2269"]
[TimeControl "180+1"]
[EndTime "8:38:07 PST"]
[Termination "grandemestregringo won by checkmate"]

1. f4 Nf6 2. Nf3 c5 3. e3 g6 4. c3 Bg7 5. d4 d6 6. Be2 O-O 7. O-O Nc6 8. Na3 a6 9. d5 Nb8 10. c4 e6 11. Rb1 exd5 12. cxd5 Bf5 13. Bd3 Bxd3 14. Qxd3 b5 15. b4 c4 16. Qd1 Re8 17.
Nc2 Qb6 18. Bb2 Nbd7 19. Nfd4 Nxd5 20. Nf5 Bxb2 21. Qxd5 Bf6 22. Nxd6 Re7 23. Kh1 Rd8 24. e4 Nf8 25. e5 Kg7 26. Rbd1 Bh4 27. g3 f6 28.
gxh4 Ne6 29. exf6+ Kxf6 30. Qe5# 1-0

[Event "Early-Titled-Tuesday-Blitz-November-28-2023"]
[Site "Chess.com"]
[Date "2023.11.28"]
[Round "4"]
[White "A-Fier"]
[Black "brm72"]
[Result "1-0"]
[WhiteElo "2751"]
[BlackElo "2538"]
[TimeControl "180+1"]
[EndTime "8:38:08 PST"]
[Termination "A-Fier won by resignation"]

1. Nf3 c5 2. g3 Nc6 3. Bg2 g6 4. O-O Bg7 5. c4 d6 6. Nc3 Rb8 7. a3 a6 8. b4 cxb4 9. axb4 b5 10. cxb5 axb5 11. d4 Bd7 12. Bb2 Nf6 13. d5 Ne5 14. Nxe5 dxe5 15. Nb1 Qc7 16. Nd2 O-O 17. Nb3 Ra8 18. Rc1 Qd6 19. Nc5 Ra2 20. Qb3 Ra7 21. Rfd1 h5 22. h3 Kh7 23. Nxd7 Nxd7 24. Rc6 Qb8 25. Qe3 Ra4 26. d6 e6 27. Rc7 Nb6 28.
Qc5 Nc4 29. Bc3 Rd8 30. Rxf7 Rxd6 31. Rxd6 Qxd6 32. Qxd6 Nxd6 33. Rxg7+ Kxg7 34. Bxe5+ Kf7 35. Bxd6 e5 36. e4 Ke6 37. Bc5 Ra1+ 38. Bf1 Kd7 39. Kg2 Kc6 40. f4 Ra2+ 41. Kf3 Ra3+ 42. Kf2 Ra2+ 43.
Ke3 Ra3+ 44. Bd3 h4 45. fxe5 hxg3 46. e6 g2 47. Ke2 Rc3 48. e7 Rxc5 49. e8=Q+ Kb7 1-0

[Event "Early-Titled-Tuesday-Blitz-November-28-2023"]
[Site "Chess.com"]
[Date "2023.11.28"]
[Round "4"]
[White "kai_nov"]
[Black "Artem_Sadovsky"]
[Result "0-1"]
[WhiteElo "2244"]
[BlackElo "2499"]
[TimeControl "180+1"]
[EndTime "8:38:08 PST"]
[Termination "Artem_Sadovsky won on time"]

1. d4 g6 2. c4 Bg7 3. Nc3 d6 4. Nf3 e5 5. dxe5 dxe5 6. Qxd8+ Kxd8 7. e4 f6 8. Be3 Be6 9. O-O-O+ Nd7 10. Nd5 c6 11. Nc3 Bh6 12. Bxh6 Nxh6 13. h3 Ke7 14. g4 Nf7 15. Nd5+ cxd5 16. cxd5 Nc5 17. dxe6 Nd6 18. Nd2 Rac8 19. Kb1 Ndxe4 20. Nxe4 Nxe4 21. Rh2 Rhd8 22. Rxd8 Rxd8 23. Kc1 Rc8+ 24. Kd1 Kxe6 25. Bd3 Rd8 26.
Ke2 Nd6 27. Rh1 e4 28. Bc2 Ke5 29. Rd1 Nf7 30. Rxd8 Nxd8 31. Ke3 f5 32. gxf5 gxf5 33. f4+ exf3 34. Kxf3 Ne6 35. Bd3 Nd4+ 36. Ke3 f4+ 37.
Kf2 h6 38. Bg6 b6 39. b3 a5 40. h4 Nf5 41. h5 Nd4 42. Bd3 b5 43. Bg6 b4 44. Bd3 Ne6 45. Bg6 Ng5 46. Bd3 Kd4 47.
Bg6 Kc3 48. Bb1 Kb2 49. Bf5 Kxa2 0-1

[Event "Early-Titled-Tuesday-Blitz-November-28-2023"]
[Site "Chess.com"]
[Date "2023.11.28"]
[Round "4"]
[White "OhanyanEminChess"]
[Black "MKlose11"]
[Result "1-0"]
[WhiteElo "2860"]
[BlackElo "2620"]
[TimeControl "180+1"]
[EndTime "8:38:09 PST"]
[Termination "OhanyanEminChess won by checkmate"]

1. e4 e6 2. d4 d5 3. Nc3 Bb4 4. e5 Ne7 5. Bd2 b6 6. a4 Ba6 7. Nb5 Bxd2+ 8. Qxd2 O-O 9. f4 c6 10. Nd6 Bxf1 11. Kxf1 Qd7 12. Nf3 Nc8 13. Nxc8 Rxc8 14. g4 c5 15. c3 Nc6 16. Kg2 cxd4 17. cxd4 Na5 18. Qd3 Rc4 19. Ng5 g6 20. h4 Rxa4 21.
h5 Rxa1 22. Rxa1 h6 23. hxg6 hxg5 24. Rh1 Rf8 25. Rh8+ Kg7 26. Rh7+ Kg8 27. Qh3 Qa4 28. Rh8+ Kg7 29. Qh6# 1-0

[Event "Early-Titled-Tuesday-Blitz-November-28-2023"]
[Site "Chess.com"]
[Date "2023.11.28"]
[Round "4"]
[White "GatoRojo150"]
[Black "dropstoneDP"]
[Result "1/2-1/2"]
[WhiteElo "2614"]
[BlackElo "2956"]
[TimeControl "180+1"]
[EndTime "8:38:09 PST"]
[Termination "Game drawn by repetition"]

1. e4 e5 2. Nf3 Nf6 3. Nc3 Nc6 4. Bb5 Nd4 5. Bc4 Bc5 6. d3 d6 7. Na4 b5 8. Nxd4 bxc4 9. Nf5 Bxf5 10. exf5 cxd3 11.
Nxc5 dxc5 12. Qxd3 Qxd3 13. cxd3 O-O-O 14. Ke2 Rd6 15.
Be3 Nd5 16. Rac1 Rhd8 17. Rxc5 Nxe3 18. fxe3 Rxd3 19. Rhc1 Rd2+ 20. Kf3 R8d7 21. R1c2 Rxc2 22. Rxc2 f6 23. Ke4 Kb7 24. g4 h6 25. h4 Rd1 26.
g5 c6 27. Rg2 Rh1 28. Rg4 h5 29.
gxf6 gxf6 30. Rg6 Rxh4+ 31. Kf3 Rh3+ 32. Ke4 Rh4+ 33. Kf3 Rh3+ 34. Ke4 Rh4+ 1/2-1/2

[Event "Early-Titled-Tuesday-Blitz-November-28-2023"]
[Site "Chess.com"]
[Date "2023.11.28"]
[Round "4"]
[White "losersgame"]
[Black "nochewycandy"]
[Result "0-1"]
[WhiteElo "2543"]
[BlackElo "2778"]
[TimeControl "180+1"]
[EndTime "8:38:10 PST"]
[Termination "nochewycandy won on time"]

1. d4 Nf6 2. c4 a6 3. Nc3 c5 4. d5 b5 5. cxb5 axb5 6. Nxb5 d6 7. Nc3 g6 8. e4 Bg7 9. Bb5+ Bd7 10. Bxd7+ Nbxd7 11. Nf3 O-O 12. O-O Qa5 13. a4 Rfb8 14. Ra3 Rb4 15. Re1 Ng4 16. Qc2 Bxc3 17. Qxc3 Rxa4 18. Rxa4 Qxa4 19. h3 Ngf6 20. Bh6 Qa5 21. Qe3 Qb4 22. Re2 Ra4 23. Ng5 Ne5 24. Qf4 Nxd5 25. Qh4 Nf6 26. f4 Nd3 27. e5 dxe5 0-1

[Event "Early-Titled-Tuesday-Blitz-November-28-2023"]
[Site "Chess.com"]
[Date "2023.11.28"]
[Round "4"]
[White "Chemim21"]
[Black "Mistango"]
[Result "0-1"]
[WhiteElo "2206"]
[BlackElo "2474"]
[TimeControl "180+1"]
[EndTime "8:38:11 PST"]
[Termination "Mistango won on time"]

1. d4 Nf6 2. Bg5 g6 3. Bxf6 exf6 4. e3 Bg7 5. h4 O-O 6. h5 f5 7. hxg6 fxg6 8. Nf3 d5 9. c4 c6 10. cxd5 cxd5 11.
Nc3 Nc6 12. Qb3 Be6 13. Qxb7 Na5 14. Qa6 Bf7 15. Ng5 Qxg5 16. Qxa5 f4 17. e4 Bxd4 18. Nxd5 Rae8 19. f3 Bxd5 20. Bc4 Rf5 21. O-O-O Be3+ 22. Kb1 Bxc4 23. exf5 Qxf5+ 24. Qxf5 gxf5 25. Rd7 Bf7 26. Rhd1 Bb6 27. b4 Re2 28. a4 Ba2+ 29. Ka1 Bb3 30.
R1d6 Bxa4 31. Rb7 Be8 32. Re6 Rxe6 0-1

[Event "Early-Titled-Tuesday-Blitz-November-28-2023"]
[Site "Chess.com"]
[Date "2023.11.28"]
[Round "4"]
[White "vladgoncharov"]
[Black "RebecaJimnz"]
[Result "1-0"]
[WhiteElo "2628"]
[BlackElo "2303"]
[TimeControl "180+1"]
[EndTime "8:38:12 PST"]
[Termination "vladgoncharov won by resignation"]

1. d4 d5 2. c4 c6 3. Nf3 Nf6 4. e3 e6 5. Nbd2 Nbd7 6. Bd3 dxc4 7. Nxc4 b5 8. Nce5 Bb7 9. O-O Be7 10. a4 b4 11. a5 Rc8 12. Qe2 c5 13. Rd1 cxd4 14.
Bb5 O-O 15. Rxd4 Nxe5 16. Rxd8 Nxf3+ 17. gxf3 Rfxd8 18. e4 a6 19. Bd3 Nh5 20. Be3 Bc5 21.
Rc1 Bxe3 22. Rxc8 Bxf2+ 23. Kxf2 Bxc8 24. Bxa6 Nf4 25. Qb5 Bxa6 26. Qxa6 e5 27. Qb6 Rd2+ 28. Ke1 Re2+ 29. Kd1 h6 30. Qxb4 Rxh2 31. a6 Rh1+ 32. Kd2 Rh2+ 33. Kc3 Ne2+ 34. Kc4 Nd4 35. Qb8+ Kh7 36.
Qxe5 Nxf3 37. Qf5+ 1-0

[Event "Early-Titled-Tuesday-Blitz-November-28-2023"]
[Site "Chess.com"]
[Date "2023.11.28"]
[Round "4"]
[White "Hasangatin_Ramil"]
[Black "Krakozia"]
[Result "0-1"]
[WhiteElo "2700"]
[BlackElo "2959"]
[TimeControl "180+1"]
[EndTime "8:38:13 PST"]
[Termination "Krakozia won on time"]

1. c4 e5 2. Nc3 Nf6 3. e3 Nc6 4. Nf3 Bb4 5. Qc2 Bxc3 6. Qxc3 Qe7 7.
d4 Ne4 8. Qd3 exd4 9. Nxd4 d6 10. Be2 O-O 11. O-O Bd7 12. b3 f5 13. Bb2 Ne5 14.
Qd1 a6 15. Nf3 Bc6 16. Nxe5 dxe5 17. f3 Nf6 18. Qc2 Qe6 19. Qc3 Rfe8 20. Rad1 a5 21. Rd2 f4 22. e4 Bxe4 23. fxe4 Nxe4 24. Qc2 Nxd2 25. Qxd2 Qb6+ 26. Kh1 Rad8 27. Qc3 Qb4 28. Qf3 Qd2 29. Bc3 e4 0-1

[Event "Early-Titled-Tuesday-Blitz-November-28-2023"]
[Site "Chess.com"]
[Date "2023.11.28"]
[Round "4"]
[White "AnaKuchava"]
[Black "Chessbard1972"]
[Result "0-1"]
[WhiteElo "2229"]
[BlackElo "2411"]
[TimeControl "180+1"]
[EndTime "8:38:15 PST"]
[Termination "Chessbard1972 won on time"]

1. d4 Nf6 2. Nf3 g6 3. c4 Bg7 4. Nc3 O-O 5. e4 d6 6. Be2 Na6 7. O-O c5 8. d5 e6 9. h3 Re8 10. Bd3 Nc7 11. Re1 exd5 12. exd5 a6 13. a4 Rb8 14.
Bf4 Nh5 15. Bh2 f5 16. Qd2 h6 17. Rxe8+ Nxe8 18. Re1 Bd7 19. Ne2 Qf6 20. b3 Nc7 21. Qa5 b6 22. Qd2 Qf7 23. Bxd6 Rc8 24. Nf4 Nxf4 25.
Qxf4 Ne8 26. Re7 Nxd6 27. Rxf7 Nxf7 28. Qe3 Re8 29. Qd2 g5 30. Qc2 Nd6 31. Kh2 Bf6 32.
g3 Kg7 33. Kg2 Re7 34. a5 bxa5 35. Qa2 Bc3 36. Qc2 Bf6 37. Qd2 Nb7 38. d6 Re8 39.
Bc2 Be6 40. Qd5 Bxd5 41. cxd5 Nxd6 0-1

[Event "Early-Titled-Tuesday-Blitz-November-28-2023"]
[Site "Chess.com"]
[Date "2023.11.28"]
[Round "4"]
[White "jcibarra"]
[Black "DenisQ"]
[Result "1-0"]
[WhiteElo "2903"]
[BlackElo "2661"]
[TimeControl "180+1"]
[EndTime "8:38:21 PST"]
[Termination "jcibarra won on time"]

1. e4 c6 2. Nf3 d5 3. d3 dxe4 4. dxe4 Qxd1+ 5. Kxd1 g6 6. Ne5 Nd7 7. Nd3 Bh6 8. Nd2 e5 9. a4 f6 10. f3 a5 11. b3 Ne7 12. Ba3 Bxd2 13. Kxd2 Nf8 14. c3 Ne6 15. Ke3 b6 16. Nb2 Ba6 17.
Nc4 Bxc4 18. Bxc4 Kf7 19. g3 Rab8 20. Bd6 Rb7 21. f4 b5 22. axb5 cxb5 23. Be2 exf4+ 24.
gxf4 Nc6 25. Rhd1 Rd8 26. Rd5 b4 27. Bc4 bxc3 28. f5 1-0

[Event "Early-Titled-Tuesday-Blitz-November-28-2023"]
[Site "Chess.com"]
[Date "2023.11.28"]
[Round "4"]
[White "WoolworthsManly"]
[Black "DeArron_Fox"]
[Result "1-0"]
[WhiteElo "2691"]
[BlackElo "2478"]
[TimeControl "180+1"]
[EndTime "8:38:21 PST"]
[Termination "WoolworthsManly won by resignation"]

1. e4 c5 2. Nf3 e6 3. d4 cxd4 4. Nxd4 a6 5. Nc3 b5 6. g3 Bb7 7.
Bg2 Nf6 8. a3 Qc7 9. O-O Nc6 10.
Bf4 e5 11. Nxc6 exf4 12. Nd4 fxg3 13. hxg3 Bc5 14. e5 Bxg2 15. Kxg2 Qb7+ 16. Qf3 Qxf3+ 17. Nxf3 Ng4 18. Ne4 Be7 19. Rad1 Rc8 20. c3 Rc7 21.
Nd6+ Kf8 22. Rd4 h5 23. Rfd1 g6 24. Rf4 f6 25. exf6 Nxf6 26. Ne4 Kg7 27. Ne5 Nxe4 28. Rf7+ Kh6 29. Rxe7 Rf8 30. Nf7+ Kg7 31. Nd6+ 1-0

[Event "Early-Titled-Tuesday-Blitz-November-28-2023"]
[Site "Chess.com"]
[Date "2023.11.28"]
[Round "4"]
[White "Ezov"]
[Black "HajiyevKanan"]
[Result "0-1"]
[WhiteElo "2237"]
[BlackElo "2497"]
[TimeControl "180+1"]
[EndTime "8:38:21 PST"]
[Termination "HajiyevKanan won by checkmate"]

1. d4 d5 2. Nc3 c6 3. Bf4 a6 4. Qd2 Nf6 5. O-O-O Bf5 6. f3 Qa5 7.
g4 Bg6 8. h4 h5 9. g5 Nfd7 10.
e4 e6 11. Bd3 Bb4 12. Nge2 Nb6 13. a3 Bxc3 14. Qxc3 Qxc3 15. Nxc3 N8d7 16. exd5 Bxd3 17. dxe6 Bf5 18. exd7+ Kxd7 19. d5 Rad8 20. dxc6+ Kxc6 21. Be5 f6 22. gxf6 gxf6 23. Bxf6 Rxd1+ 24. Rxd1 Re8 25. f4 Nc4 26. Bd4 Rg8 27. Be5 Rg2 28. Nd5 Rxc2+ 29. Kb1 Rd2+ 30. Kc1 Rxd5 31. Rxd5 Kxd5 32. Bf6 a5 33. Bd8 a4 34. Bf6 Ke4 35. Bg5 Kf3 36. Bh6 Ke2 37. Bg5 Na5 38. Bh6 Nb3# 0-1

[Event "Early-Titled-Tuesday-Blitz-November-28-2023"]
[Site "Chess.com"]
[Date "2023.11.28"]
[Round "4"]
[White "GeorgiosSouleidis"]
[Black "GMJustin"]
[Result "1-0"]
[WhiteElo "2626"]
[BlackElo "2287"]
[TimeControl "180+1"]
[EndTime "8:38:22 PST"]
[Termination "GeorgiosSouleidis won on time"]

1. e4 e5 2. Nf3 Nc6 3. Bc4 Nf6 4.
d3 Bc5 5. a4 O-O 6. O-O a5 7. Be3 Bxe3 8. fxe3 d5 9. exd5 Nxd5 10. Qe2 Nb6 11. Bb5 f6 12. Bxc6 bxc6 13. e4 Be6 14. b3 Nd7 15. Nbd2 Nc5 16. Qe3 Qd6 17. Nh4 g6 18. Rf2 Rf7 19. Raf1 Raf8 20. h3 Qe7 21.
Qg3 Rg7 22. Kh2 Rff7 23. Nhf3 Qd6 24. Re1 Qe7 25. Ng1 Qd6 26. Qe3 Qe7 27. Ne2 Qd6 28. Nc3 Qe7 29. Nd1 Qd6 30. Nb2 Qd4 31. Qxd4 exd4 32.
Nbc4 Nb7 33. Ref1 f5 34. Ne5 Rf6 35. Nxc6 Bxb3 36. Nxb3 1-0

[Event "Early-Titled-Tuesday-Blitz-November-28-2023"]
[Site "Chess.com"]
[Date "2023.11.28"]
[Round "4"]
[White "ideika"]
[Black "ATM622"]
[Result "0-1"]
[WhiteElo "2151"]
[BlackElo "2459"]
[TimeControl "180+1"]
[EndTime "8:38:22 PST"]
[Termination "ATM622 won by resignation"]

1. e4 c6 2. d4 d5 3. exd5 cxd5 4. c4 Nf6 5. Nc3 dxc4 6. Bxc4 e6 7. Nf3 Nc6 8. O-O Be7 9. a3 O-O 10. Re1 a6 11. Qd3 b5 12. Ba2 Bb7 13. Bg5 b4 14.
Na4 bxa3 15. bxa3 Qa5 16. Nc5 Bxc5 17. dxc5 Qxc5 18. Bxf6 gxf6 19. Rac1 Qh5 20. Qe3 Rac8 21. Rc5 e5 22. Rec1 Nd4 23. Nxd4 Rxc5 24. Nf3 Rxc1+ 25.
Qxc1 Bxf3 26. gxf3 Qg5+ 27. Qxg5+ fxg5 28. Bd5 Kg7 0-1

[Event "Early-Titled-Tuesday-Blitz-November-28-2023"]
[Site "Chess.com"]
[Date "2023.11.28"]
[Round "4"]
[White "themind1hunter"]
[Black "Korchmar_Vasiliy"]
[Result "0-1"]
[WhiteElo "2525"]
[BlackElo "2733"]
[TimeControl "180+1"]
[EndTime "8:38:23 PST"]
[Termination "Korchmar_Vasiliy won on time"]

1. e4 c5 2. Nf3 d6 3. d4 cxd4 4. Nxd4 Nf6 5. Nc3 Nc6 6. Bg5 Bd7 7. Qd3 Rc8 8. O-O-O Nb4 9. Qe3 Ng4 10. Qg3 Qa5 11. Bb5 Bxb5 12. Ndxb5 Ne5 13. a3 Nxc2 14. Kxc2 Qxb5 15. Kb1 Qb3 16. Nd5 Qxg3 17. hxg3 e6 18. Nc3 Be7 19. Bxe7 Kxe7 20. Nb5 Rc6 21. Nxa7 Rb6 22.
Rc1 Kd7 23. Rc3 Ra8 24. Rxh7 Rxa7 25. Rxg7 Ke7 26. f4 Nd7 27. Rg8 Rc6 28. Rb3 Nf6 29. Rb8 Nxe4 30. R8xb7+ Rxb7 31. Rxb7+ Kf6 32. g4 Rc4 33.
Ka2 Nc5 34. Rb6 d5 0-1